 Dungeon Crawl Stone Soup version 0.25-a0-98-g0cf78c2f83 (webtiles) character file.

Game seed: 11345769791269718651, levelgen mode: deterministic

82 Arixos the Skirmisher (level 4, -1/37 HPs)
             Began as a Demonspawn Monk on Nov 13, 2019.
             Killed by divine providence
             ... invoked by an orc priest
              (11 damage)
             ... on level 4 of the Dungeon.
             The game lasted 00:05:15 (1812 turns).

Arixos the Skirmisher (Demonspawn Monk)             Turns: 1812, Time: 00:05:16

Health: -1/37      AC:  5    Str: 12    XL:     4   Next: 21%
Magic:  4/4        EV: 12    Int: 11    God:
Gold:   68         SH:  0    Dex: 16    Spells: 3/3 levels left

rFire    . . .     SeeInvis .   e - +0 dagger
rCold    . . .     Gourm    .   (no shield)
rNeg     . . .     Faith    .   d - +0 ring mail
rPois    .         Spirit   .   (no helmet)
rElec    .         Reflect  .   (no cloak)
rCorr    .         Harm     .   (no gloves)
MR       .....                  (no boots)
Stlth    ++........             (no amulet)
HPRegen  0.12/turn              (no ring)
MPRegen  0.09/turn              (no ring)

@: slowed, very slow
A: talons 1, nightstalker 1
a: no special abilities


You were on level 4 of the Dungeon.
You were not hungry.

You visited 1 branch of the dungeon, and saw 5 of its levels.

You collected 68 gold pieces.

Inventory:

Hand Weapons
 e - a +0 dagger (weapon)
Missiles
 m - 16 poisoned darts (quivered)
Armour
 d - a +0 ring mail (worn)
Scrolls
 a - 2 scrolls of teleportation {unknown}
 c - a scroll of random uselessness {unknown}
 g - a scroll of magic mapping {unknown}
 h - a scroll of blinking {unknown}
 i - 3 scrolls of enchant weapon {unknown}
 k - 2 scrolls of identify {unknown}
 n - a scroll of fear {unknown}
 o - a scroll of immolation {unknown}
Potions
 j - a potion of might {unknown}
 l - a potion of cancellation {unknown}
Comestibles
 b - 4 rations
 f - 2 chunks of flesh


   Skills:
 + Level 3.7 Fighting
 * Level 0.2 Short Blades
 + Level 1.7 Armour
 + Level 3.4 Dodging
 + Level 1.9 Stealth
 - Level 2.6 Unarmed Combat


You had 3 spell levels left.
You didn't know any spells.
Your spell library was empty.

Dungeon Overview and Level Annotations

Branches:
Dungeon (5/15)
 Temple: D:4-7

Altars:

Annotations:
D:3 Sigmund


Innate Abilities, Weirdness & Mutations

You have sharp toenails.
You are slightly more attuned to the shadows.


Message History

The adder hisses angrily.
The howler monkey hoots and howls with incredible vigour!
You hear an angry hiss.
You hear a bark!
The worker ant closely misses you.
Some of the chunks of flesh in your inventory have rotted away.
The adder closely misses you.
There is a stone staircase leading up, spattered with blood here.
The adder closely misses you. The worker ant misses you.
You climb upwards.
The goblin shouts! x3; You hear a shout!
The orc closely misses you.
You hear a shout!
There is a stone staircase leading down, spattered with blood here.
You hear a shout!
The adder barely misses you.
The orc wizard gestures at you while chanting.
You feel yourself slow down.
The orc priest calls down the wrath of Beogh upon you.
Beogh smites you!
You die...

## ##.# #..#
#..# ###@.#
#.o..##.
#######S#o...(#
......g.o.#####
...>.g...o####
.....g##..o.<###
......
##.##..o######
......
#.####.......
...... ..#
#.......


You could see an orc priest, an orc wizard, an adder, 3 orcs and 3 goblins.

Vanquished Creatures
  An orc priest (D:3)
  An adder (D:4)
  A dart slug (D:1)
  3 leopard geckos
  4 orcs
  4 bats
  2 giant cockroaches
  5 goblins
  4 hobgoblins
  2 frilled lizards
  A kobold (D:2)
  3 rats
31 creatures vanquished.

Notes
Turn   | Place    | Note
-------+----------+-------------------------------------------
     0 | D:1      | Arixos the Demonspawn Monk began the quest for the Orb.
     0 | D:1      | Reached XP level 1. HP: 18/18 MP: 1/1
   200 | D:1      | Gained mutation: You have sharp toenails. [demonic
                  | ancestry]
   200 | D:1      | Reached XP level 2. HP: 11/24 MP: 2/2
   498 | D:1      | Reached skill level 1 in Armour
  1024 | D:2      | Reached XP level 3. HP: 29/29 MP: 3/3
  1345 | D:3      | Gained mutation: You are slightly more attuned to the
                  | shadows. [demonic ancestry]
  1345 | D:3      | Reached XP level 4. HP: 21/37 MP: 4/4
  1524 | D:3      | Noticed Sigmund
  1763 | D:5      | Entered Level 5 of the Dungeon
  1812 | D:4      | Killed from afar by an orc priest

Levels and vault maps discovered:
D:1:      lightli_molten_gateway, layout_rooms
D:2:      layout_loops_ring
D:3:      layout_loops_cross, chequers_ecumenical_altar_simple_redux,
          uniq_terence, uniq_sigmund
D:4:      layout_rooms, overflow_temple_1_default, uniq_grinder, uniq_robin,
          uniq_crazy_yiuf_cottage
D:5:      layout_rooms, kennysheep_mini_moat, first_ration,
          hangedman_abyss_or_decor_jellyfish_corner

Skill      XL: |  1  2 |
---------------+-------+-----
Armour         | 1 |  1.7
Dodging        | 3 |  3.4
Fighting       | |  3.7
Short Blades   | |  0.2
Stealth        | |  1.9
Unarmed Combat | |  2.6

Action                   |  1- 3 |  4- 6 || total
-------------------------+-------+-------++-------
Melee: Dagger            |   131 |    28 ||   159
       Unarmed           |     1 |       ||     1
       Kick              |    22 |     6 ||    28
       Punch             |       |     1 ||     1
Throw: Dart              |     6 |     1 ||     7
 Stab: Sleeping          |     2 |       ||     2
       Distracted        |       |     1 ||     1
  Eat: Chunk             |     1 |     2 ||     3
Armor: Ring mail         |    39 |    11 ||    50
Dodge: Dodged            |    73 |    37 ||   110

Table legend:
 A = Non-vault XP
 B = Vault XP
 C = Vault XP percentage of total XP
 D = Non-vault monster count
 E = Vault monster count
 F = Vault count percentage of total count
                 A         B        C        D         E       F
            +---------+---------+-------+---------+---------+-------
      Total |     118 |       0 |   0.0 |      31 |       0 |   0.0
            +---------+---------+-------+---------+---------+-------
        D:1 |      26 |       0 |   0.0 |      13 |       0 |   0.0
        D:2 |      20 |       0 |   0.0 |      10 |       0 |   0.0
        D:3 |      55 |       0 |   0.0 |       6 |       0 |   0.0
        D:4 |      17 |       0 |   0.0 |       2 |       0 |   0.0
            +---------+---------+-------+---------+---------+-------
